HS
DEER PARK HS FALCONS @ SETON HALL PREP HS PIRATES
04/10/2060
 
TOP OF THE 1ST
Deer Park HS Falcons batting - Pitching for Seton Hall Prep HS Pirates : RHP Ty Hurt
Pitching: RHP Ty Hurt
Batting: RHB Kellen Brenning 0-0: Ball
1-0: Foul Ball, location: 2F
1-1: Foul Ball, location: 2F
1-2: Ground out 4-3 (Groundball, 4MD, EV 98.1 MPH)
Batting: RHB Mather Saiki 0-0: Ball
1-0: Foul Ball, location: 2F
1-1: Ball
2-1: SINGLE (Line Drive, 8RS, EV 100.6 MPH)
Batting: RHB Emmett Bei 0-0: Called Strike
0-1: Ball
1-1: Called Strike
1-2: Ball
2-2: SINGLE (Groundball, 25, EV 72.5 MPH) (infield hit)
Mather Saiki to second
Batting: RHB Lucas O'Hearn 0-0: Ball
1-0: SINGLE (Flyball, 9S, EV 93.1 MPH)
Mather Saiki to third
Emmett Bei to second
Throwing error, E9
Mather Saiki scores
Emmett Bei to third
Lucas O'Hearn to second
Batting: SHB Brian Schmitz 0-0: Ball
1-0: Called Strike
1-1: Swinging Strike
1-2: Ground out 5-3 (Groundball, 25, EV 87.5 MPH)
Batting: RHB Kenny Dimick 0-0: Ball
1-0: Foul Ball, location: 2F
1-1: Foul Ball, location: 2F
1-2: Ball
2-2: Ground out 6-3 (Groundball, 6MS, EV 82.5 MPH)
Top of the 1st over - 1 run, 3 hits, 1 error, 2 left on base; Deer Park HS 1 - Seton Hall Prep HS 0
BOTTOM OF THE 1ST
Seton Hall Prep HS Pirates batting - Pitching for Deer Park HS Falcons : RHP Hayden Peppers
Pitching: RHP Hayden Peppers
Batting: LHB Henry Mali 0-0: Ball
1-0: Foul Ball, location: 2F
1-1: Called Strike
1-2: Foul Ball, location: 2F
1-2: Foul Ball, location: 2F
1-2: Strikes out swinging
Batting: RHB Mitchell King 0-0: Ball
1-0: Foul Ball, location: 2F
1-1: Called Strike
1-2: Reached via error on a dropped throw from 2B, E3 (Groundball, 4S, EV 66.9 MPH)
Batting: RHB Blayke Ramos 0-0: Called Strike
Mitchell King steals 2nd base
0-1: Ball
1-1: Foul Ball, location: 2F
1-2: Ball
2-2: Ball
3-2: Base on Balls
Batting: LHB Alec Echard 0-0: Ball
1-0: Called Strike
1-1: Swinging Strike
1-2: Ball
2-2: Strikes out swinging
Batting: RHB Keven Goodwin 0-0: Ball
1-0: Fly out, F8 (Flyball, 78M, EV 88.1 MPH)
Bottom of the 1st over - 0 runs, 0 hits, 1 error, 2 left on base; Deer Park HS 1 - Seton Hall Prep HS 0
TOP OF THE 2ND
Deer Park HS Falcons batting - Pitching for Seton Hall Prep HS Pirates : RHP Ty Hurt
Batting: RHB Cody Baker 0-0: Called Strike
0-1: Ball
1-1: Called Strike
1-2: Fly out, F7 (Flyball, 7, EV 92.5 MPH)
Batting: RHB Keenan Buckhalter 0-0: Ball
1-0: Fly out, F7 (Line Drive, 7, EV 93.1 MPH)
Batting: RHB Corey Palmer 0-0: Ball
1-0: Foul Ball, location: 2F
1-1: Called Strike
1-2: Strikes out swinging
Top of the 2nd over - 0 runs, 0 hits, 0 errors, 0 left on base; Deer Park HS 1 - Seton Hall Prep HS 0
BOTTOM OF THE 2ND
Seton Hall Prep HS Pirates batting - Pitching for Deer Park HS Falcons : RHP Hayden Peppers
Batting: SHB Schroeder Rivas 0-0: Swinging Strike
0-1: SINGLE (Groundball, 6MD, EV 104.4 MPH)
Batting: LHB Payton Tagawa 0-0: Ball
1-0: Foul Ball, location: 2F
1-1: Ball
2-1: DOUBLE (Line Drive, 9LS, EV 100.6 MPH)
Schroeder Rivas to third
Runner from 3rd tries for Home, SAFE, throw by RF to trailing runner, OUT at third! 9-3-5
Batting: RHB Draven Carter 0-0: Called Strike
0-1: Foul Ball, location: 2F
0-2: Ball
1-2: Foul Ball, location: 2F
1-2: Fly out, F7 (Flyball, 7LM, EV 76.9 MPH)
Batting: RHB Sean Stockton 0-0: Ball
1-0: Called Strike
1-1: SINGLE (Groundball, 6MD, EV 99.4 MPH)
Batting: LHB Henry Mali 0-0: Ball
1-0: Ball
2-0: Called Strike
2-1: Ball
3-1: SINGLE (Line Drive, 8RS, EV 88.8 MPH)
Sean Stockton to second
Batting: RHB Mitchell King 0-0: Called Strike
0-1: Ball
1-1: Ball
2-1: Swinging Strike
2-2: Foul Ball, location: 2F
2-2: Strikes out looking
Bottom of the 2nd over - 1 run, 4 hits, 0 errors, 2 left on base; Deer Park HS 1 - Seton Hall Prep HS 1
TOP OF THE 3RD
Deer Park HS Falcons batting - Pitching for Seton Hall Prep HS Pirates : RHP Ty Hurt
Batting: RHB Kellen Brenning 0-0: Ball
1-0: Ball
2-0: Ball
3-0: Reached on error, E4 (Flyball, 34D, EV 96.9 MPH)
Batting: RHB Mather Saiki 0-0: Foul Ball, location: 2F
0-1: Ball
1-1: Ball
2-1: Called Strike
2-2: Ball
3-2: Single, Error in OF, E8, batter to second base (Groundball, 6MD, EV 106.2 MPH)
Kellen Brenning to third
Batting: RHB Emmett Bei 0-0: Ball
1-0: SINGLE (Line Drive, 9S, EV 111.2 MPH)
Kellen Brenning scores
Mather Saiki to third
Batting: RHB Lucas O'Hearn 0-0: Called Strike
Emmett Bei steals 2nd base
0-1: Foul Ball, location: 2F
0-2: Ball
1-2: Ball
2-2: Foul Ball, location: 2F
2-2: Strikes out swinging
Batting: SHB Brian Schmitz 0-0: SINGLE (Flyball, 7, EV 92.5 MPH)
Mather Saiki scores
Emmett Bei to third
Batting: RHB Kenny Dimick 0-0: Foul Ball, location: 2F
0-1: SINGLE (Groundball, 6MD, EV 103.8 MPH)
Emmett Bei scores
Brian Schmitz to second
Runner from 2nd tries for 3rd, SAFE, throw by CF made to third
Batting: RHB Cody Baker 0-0: Ball
1-0: Swinging Strike
1-1: Ball
Kenny Dimick steals 2nd base (no throw)
2-1: Foul Ball, location: 2F
2-2: Ball
3-2: Strikes out swinging
Batting: RHB Keenan Buckhalter 0-0: Swinging Strike
0-1: Ball
1-1: Ball
2-1: Called Strike
2-2: Foul Ball, location: 2F
2-2: DOUBLE (Line Drive, 78D, EV 102.5 MPH)
Brian Schmitz scores
Kenny Dimick scores
Pitching: LHP David London
Batting: RHB Corey Palmer 0-0: Foul Ball, location: 2F
0-1: Foul Ball, location: 2F
0-2: Strikes out swinging
Top of the 3rd over - 5 runs, 5 hits, 2 errors, 1 left on base; Deer Park HS 6 - Seton Hall Prep HS 1
BOTTOM OF THE 3RD
Seton Hall Prep HS Pirates batting - Pitching for Deer Park HS Falcons : RHP Hayden Peppers
Batting: RHB Blayke Ramos 0-0: Called Strike
0-1: Ball
1-1: DOUBLE (Line Drive, 78D, EV 105.0 MPH)
Batting: LHB Alec Echard 0-0: Called Strike
0-1: Foul Ball, location: 2F
0-2: Ball
1-2: 2-RUN HOME RUN (Flyball, 89XD, EV 111.9 MPH), Distance : 426 ft
Batting: RHB Keven Goodwin 0-0: Ball
1-0: Foul Ball, location: 2F
1-1: Foul Ball, location: 2F
1-2: Ground out 6-3 (Groundball, 6, EV 100.0 MPH)
Batting: SHB Schroeder Rivas 0-0: Ground out 6-3 (Groundball, P, EV 83.1 MPH)
Batting: LHB Payton Tagawa 0-0: Fly out, F9 (Line Drive, 89S, EV 105.0 MPH)
Bottom of the 3rd over - 2 runs, 2 hits, 0 errors, 0 left on base; Deer Park HS 6 - Seton Hall Prep HS 3
TOP OF THE 4TH
Deer Park HS Falcons batting - Pitching for Seton Hall Prep HS Pirates : LHP David London
Batting: RHB Kellen Brenning 0-0: Called Strike
0-1: Swinging Strike
0-2: Ball
1-2: Ball
2-2: Strikes out swinging
Batting: RHB Mather Saiki 0-0: Ball
1-0: Swinging Strike
1-1: Called Strike
1-2: Ball
2-2: Ball
3-2: Strikes out swinging
Batting: RHB Emmett Bei 0-0: Ball
1-0: Called Strike
1-1: Ball
2-1: SINGLE (Line Drive, 34D, EV 94.4 MPH)
Batting: RHB Lucas O'Hearn 0-0: Called Strike
0-1: Fly out, F7 (Flyball, 78M, EV 79.4 MPH)
Top of the 4th over - 0 runs, 1 hit, 0 errors, 1 left on base; Deer Park HS 6 - Seton Hall Prep HS 3
BOTTOM OF THE 4TH
Seton Hall Prep HS Pirates batting - Pitching for Deer Park HS Falcons : RHP Hayden Peppers
Batting: RHB Draven Carter 0-0: Ball
1-0: Ball
2-0: Ball
3-0: Called Strike
3-1: Base on Balls
Batting: RHB Sean Stockton 0-0: Ball
1-0: Foul Ball, location: 2F
1-1: Ball
2-1: Foul Ball, location: 2F
2-2: Fielders Choice at 2nd, 4-6 (Groundball, 4S, EV 83.1 MPH)
Batting: LHB Henry Mali 0-0: Ball
Sean Stockton is caught stealing 2nd base 2-6
1-0: Ground out 4-3 (Groundball, 4, EV 106.9 MPH)
Bottom of the 4th over - 0 runs, 0 hits, 0 errors, 0 left on base; Deer Park HS 6 - Seton Hall Prep HS 3
TOP OF THE 5TH
Deer Park HS Falcons batting - Pitching for Seton Hall Prep HS Pirates : LHP David London
Batting: SHB Brian Schmitz 0-0: Swinging Strike
0-1: Ball
1-1: Foul Ball, location: 2F
1-2: Fly out, F7 (Flyball, 7D, EV 91.2 MPH)
Batting: RHB Kenny Dimick 0-0: Fly out, F9 (Line Drive, 89M, EV 100.6 MPH)
Batting: RHB Cody Baker 0-0: Ball
1-0: Called Strike
1-1: SINGLE (Groundball, 4MD, EV 101.2 MPH)
Batting: RHB Keenan Buckhalter 0-0: Fly out, F8 (Flyball, 8LD, EV 101.9 MPH)
Top of the 5th over - 0 runs, 1 hit, 0 errors, 1 left on base; Deer Park HS 6 - Seton Hall Prep HS 3
BOTTOM OF THE 5TH
Seton Hall Prep HS Pirates batting - Pitching for Deer Park HS Falcons : RHP Hayden Peppers
Batting: RHB Mitchell King 0-0: Called Strike
0-1: Called Strike
0-2: Ball
1-2: Strikes out swinging
Pitching: RHP Andy Mazzola
Batting: RHB Blayke Ramos 0-0: Ball
1-0: Called Strike
1-1: Ball
2-1: Swinging Strike
2-2: Foul Ball, location: 2F
2-2: Fly out, F9 (Flyball, 89M, EV 88.8 MPH)
Batting: LHB Alec Echard 0-0: Called Strike
0-1: Ball
1-1: SOLO HOME RUN (Flyball, 89XD, EV 101.2 MPH), Distance : 381 ft
Batting: RHB Keven Goodwin 0-0: Ball
1-0: DOUBLE (Flyball, 89XD, EV 96.9 MPH)
Batting: SHB Schroeder Rivas 0-0: Foul Ball, location: 2F
0-1: Fly out, F9 (Flyball, 89S, EV 83.8 MPH)
Bottom of the 5th over - 1 run, 2 hits, 0 errors, 1 left on base; Deer Park HS 6 - Seton Hall Prep HS 4
TOP OF THE 6TH
Deer Park HS Falcons batting - Pitching for Seton Hall Prep HS Pirates : LHP David London
Batting: RHB Corey Palmer 0-0: Foul Ball, location: 2F
0-1: Foul Ball, location: 2F
0-2: SINGLE (Flyball, 3D, EV 95.0 MPH)
Batting: RHB Kellen Brenning 0-0: Ball
1-0: Swinging Strike
1-1: Ball
2-1: Ball
3-1: Base on Balls
Corey Palmer to second
Batting: RHB Mather Saiki 0-0: Ball
1-0: Ball
2-0: Ball
3-0: Called Strike
3-1: SINGLE (Flyball, 6D, EV 85.0 MPH)
Corey Palmer to third
Kellen Brenning to second
Batting: RHB Emmett Bei 0-0: Ball
1-0: Foul Ball, location: 2F
1-1: Foul Ball, location: 2F
1-2: Ball
2-2: Foul Ball, location: 2F
2-2: Ball
3-2: Foul Ball, location: 2F
3-2: Base on Balls
Corey Palmer scores
Kellen Brenning to third
Mather Saiki to second
Batting: RHB Lucas O'Hearn 0-0: Foul Ball, location: 2F
0-1: Ball
1-1: Swinging Strike
1-2: Strikes out swinging
Batting: SHB Brian Schmitz 0-0: Foul Ball, location: 2F
0-1: Grounds into fielders choice 6-2 (Groundball, 6, EV 109.4 MPH)
Mather Saiki to third
Emmett Bei to second
Pitching: LHP Melchior Huang
Batting: RHB Kenny Dimick 0-0: Called Strike
0-1: Ball
Passed Ball!
Mather Saiki scores
Emmett Bei to third
Brian Schmitz to second
1-1: Foul Ball, location: 2F
1-2: Ball
2-2: Ball
3-2: Fly out, F8 (Line Drive, 8RM, EV 106.9 MPH)
Top of the 6th over - 2 runs, 2 hits, 0 errors, 2 left on base; Deer Park HS 8 - Seton Hall Prep HS 4
BOTTOM OF THE 6TH
Seton Hall Prep HS Pirates batting - Pitching for Deer Park HS Falcons : RHP Andy Mazzola
Batting: LHB Payton Tagawa 0-0: Called Strike
0-1: Foul Ball, location: 2F
0-2: Ball
1-2: Ball
2-2: Ground out U3 (Groundball, 34, EV 86.2 MPH)
Batting: RHB Draven Carter 0-0: Swinging Strike
0-1: Ball
1-1: SOLO HOME RUN (Flyball, 9LD, EV 91.2 MPH), Distance : 334 ft
Batting: RHB Sean Stockton 0-0: Called Strike
0-1: Ball
1-1: Called Strike
1-2: Strikes out looking
Batting: LHB Henry Mali 0-0: Foul Ball, location: 2F
0-1: Swinging Strike
0-2: Foul Ball, location: 2F
0-2: Ball
1-2: Foul Ball, location: 2F
1-2: Ball
2-2: Ground out 6-3 (Groundball, 6S, EV 80.0 MPH)
Bottom of the 6th over - 1 run, 1 hit, 0 errors, 0 left on base; Deer Park HS 8 - Seton Hall Prep HS 5
TOP OF THE 7TH
Deer Park HS Falcons batting - Pitching for Seton Hall Prep HS Pirates : LHP Melchior Huang
Batting: RHB Cody Baker 0-0: Called Strike
0-1: Ball
1-1: Foul Ball, location: 2F
1-2: Ball
2-2: Ball
3-2: Strikes out swinging
Batting: RHB Keenan Buckhalter 0-0: Ball
1-0: Foul Ball, location: 2F
1-1: Fly out, F8 (Flyball, 8RD, EV 101.2 MPH)
Batting: RHB Corey Palmer 0-0: Ball
1-0: Called Strike
1-1: Ball
2-1: Swinging Strike
2-2: DOUBLE (Flyball, 89D, EV 94.4 MPH)
Pinch Runner at 2nd Weston Moore:
Batting: RHB Kellen Brenning 0-0: Swinging Strike
0-1: Hit by Pitch
Batting: RHB Mather Saiki 0-0: Ball
1-0: Ball
2-0: Called Strike
2-1: Ball
3-1: SINGLE (Groundball, 6MD, EV 106.2 MPH)
Weston Moore to third
Kellen Brenning to second
Runner from 3rd tries for Home, SAFE, throw by CF to home
Batting: RHB Emmett Bei 0-0: Foul Ball, location: 2F
0-1: Ball
1-1: Ground out 4-3 (Groundball, 4, EV 93.8 MPH)
Top of the 7th over - 1 run, 2 hits, 0 errors, 2 left on base; Deer Park HS 9 - Seton Hall Prep HS 5
BOTTOM OF THE 7TH
Seton Hall Prep HS Pirates batting - Pitching for Deer Park HS Falcons : RHP Andy Mazzola
Now at 2B: Keegan Cotner
Batting: RHB Mitchell King 0-0: Ball
1-0: Ball
2-0: Ball
3-0: Called Strike
3-1: DOUBLE (Flyball, 8RXD, EV 97.5 MPH)
Pitching: RHP Johnny Yarber
Batting: RHB Blayke Ramos 0-0: Ball
1-0: Called Strike
1-1: Ball
2-1: SINGLE (Line Drive, 8LS, EV 98.8 MPH)
Mitchell King to third
Runner from 3rd tries for Home, throw by CF and OUT! 8-2
Batting: LHB Alec Echard 0-0: Called Strike
0-1: Ball
1-1: Swinging Strike
1-2: Strikes out swinging
Batting: RHB Keven Goodwin 0-0: Ball
Blayke Ramos steals 2nd base
1-0: Called Strike
1-1: Fly out, F8 (Line Drive, 8LM, EV 95.0 MPH)
Bottom of the 7th over - 0 runs, 2 hits, 0 errors, 1 left on base; Deer Park HS 9 - Seton Hall Prep HS 5
TOP OF THE 8TH
Deer Park HS Falcons batting - Pitching for Seton Hall Prep HS Pirates : LHP Melchior Huang
Batting: RHB Lucas O'Hearn 0-0: Called Strike
0-1: Ball
1-1: Ball
2-1: Foul Ball, location: 2F
2-2: Strikes out swinging
Batting: SHB Brian Schmitz 0-0: Ball
1-0: Called Strike
1-1: Called Strike
1-2: SINGLE (Groundball, 56S, EV 70.6 MPH) (infield hit)
Pitching: RHP Destin Bean
Batting: RHB Kenny Dimick 0-0: Ball
1-0: DOUBLE (Line Drive, 7LM, EV 93.8 MPH)
Brian Schmitz to third
Batting: RHB Cody Baker 0-0: Ball
1-0: Fly out, F8 (Line Drive, 8RM, EV 103.1 MPH)
Runner from 3rd tags up, SCORES, throw by CF
Kenny Dimick to third
Batting: RHB Keenan Buckhalter 0-0: Called Strike
0-1: Swinging Strike
0-2: Strikes out swinging
Top of the 8th over - 1 run, 2 hits, 0 errors, 1 left on base; Deer Park HS 10 - Seton Hall Prep HS 5
BOTTOM OF THE 8TH
Seton Hall Prep HS Pirates batting - Pitching for Deer Park HS Falcons : RHP Johnny Yarber
Batting: SHB Schroeder Rivas 0-0: Called Strike
0-1: Ball
1-1: Foul Ball, location: 2F
1-2: Strikes out looking
Batting: LHB Payton Tagawa 0-0: SINGLE (Line Drive, 89S, EV 89.4 MPH)
Batting: RHB Draven Carter 0-0: DOUBLE (Groundball, 5L, EV 99.4 MPH)
Payton Tagawa to third
Runner from 3rd tries for Home, throw by LF and OUT! 7-2
Pinch Hitting: RHB Nelson Amburgey 0-0: Called Strike
0-1: Ball
1-1: Ball
2-1: Ball
3-1: Called Strike
3-2: Fly out, F9 (Line Drive, 9, EV 92.5 MPH)
Bottom of the 8th over - 0 runs, 2 hits, 0 errors, 1 left on base; Deer Park HS 10 - Seton Hall Prep HS 5
TOP OF THE 9TH
Deer Park HS Falcons batting - Pitching for Seton Hall Prep HS Pirates : RHP Destin Bean
Now at SS: Fred Reynolds
Batting: RHB Keegan Cotner 0-0: Called Strike
0-1: Swinging Strike
0-2: Strikes out looking
Batting: RHB Kellen Brenning 0-0: Ground out 4-3 (Groundball, 4D, EV 96.2 MPH)
Batting: RHB Mather Saiki 0-0: SINGLE (Line Drive, 9S, EV 101.2 MPH)
Batting: RHB Emmett Bei 0-0: Ball
1-0: Ball
2-0: Called Strike
2-1: SINGLE (Line Drive, 78M, EV 93.1 MPH)
Mather Saiki to second
Runner from 2nd tries for 3rd, OUT! 8-5
Top of the 9th over - 0 runs, 2 hits, 0 errors, 1 left on base; Deer Park HS 10 - Seton Hall Prep HS 5
BOTTOM OF THE 9TH
Seton Hall Prep HS Pirates batting - Pitching for Deer Park HS Falcons : RHP Johnny Yarber
Batting: LHB Henry Mali 0-0: Ball
1-0: Called Strike
1-1: Ball
2-1: Called Strike
2-2: Ball
3-2: Base on Balls
Batting: RHB Mitchell King 0-0: Ball
1-0: Foul Ball, location: 2F
1-1: Swinging Strike
1-2: Ball
2-2: Fielders Choice at 2nd, 1-6 (Groundball, 34S, EV 66.9 MPH)
Batting: RHB Blayke Ramos 0-0: Called Strike
0-1: Foul Ball, location: 2F
0-2: Foul Ball, location: 2F
0-2: Ball
1-2: Ball
2-2: Ball
3-2: Base on Balls
Mitchell King to second
Pitching: RHP Brendan Honey
Batting: LHB Alec Echard 0-0: Foul Ball, location: 2F
0-1: SINGLE (Flyball, 78S, EV 88.1 MPH)
Mitchell King to third
Blayke Ramos to second
Batting: RHB Keven Goodwin 0-0: Ball
1-0: Fly out, F7 (Flyball, 7LD, EV 98.1 MPH)
Runner from 3rd tags up, SCORES, no throw by LF
Pitching: LHP Chase Touchstone
Batting: SHB Schroeder Rivas 0-0: Fly out, F8 (Flyball, 89S, EV 93.8 MPH)
Bottom of the 9th over - 1 run, 1 hit, 0 errors, 2 left on base; Deer Park HS 10 - Seton Hall Prep HS 6
Saturday, April 27th , 2024 - OOTP Baseball 23.10 Build 110